AAA
FLAGSTAFF FLYERS @ ANNAPOLIS ADMIRALS
07/16/2060
 
TOP OF THE 1ST
Flagstaff Flyers batting - Pitching for Annapolis Admirals : RHP Todd Curtis
Pitching: RHP Todd Curtis
Batting: SHB Josiah Swallow 0-0: Ball
1-0: Called Strike
1-1: Foul Ball, location: 2F
1-2: Foul Ball, location: 2F
1-2: SINGLE (Groundball, 4S, EV 75.6 MPH) (infield hit)
Batting: RHB Timon Angeles 0-0: Ball
1-0: Ball
Josiah Swallow steals 2nd base
2-0: Called Strike
2-1: Foul Ball, location: 2F
2-2: Foul Ball, location: 2F
2-2: Foul Ball, location: 2F
2-2: Foul Ball, location: 2F
2-2: Strikes out swinging, 2-3 out at first.
Batting: LHB Vinnie Ballew 0-0: Called Strike
0-1: Swinging Strike
0-2: Ball
1-2: Ball
2-2: Ground out 6-3 (Groundball, 6, EV 81.9 MPH)
Josiah Swallow to third
Batting: RHB Scott McDonald 0-0: Ball
1-0: Foul Ball, location: 2F
1-1: Ball
2-1: Ball
3-1: SINGLE (Groundball, 6MD, EV 98.1 MPH)
Josiah Swallow scores
Batting: LHB Shawn Tuttle 0-0: Ball
Scott McDonald steals 2nd base
1-0: Called Strike
1-1: Called Strike
1-2: Strikes out swinging
Top of the 1st over - 1 run, 2 hits, 0 errors, 1 left on base; Flagstaff 1 - Annapolis 0
BOTTOM OF THE 1ST
Annapolis Admirals batting - Pitching for Flagstaff Flyers : RHP Raymond Barker
Pitching: RHP Raymond Barker
Batting: LHB Nathan Bell 0-0: Foul Ball, location: 2F
0-1: Called Strike
0-2: Ball
1-2: Foul Ball, location: 2F
1-2: Ball
2-2: Foul Ball, location: 2F
2-2: Ground out 4-3 (Groundball, 34D, EV 108.8 MPH)
Batting: RHB Braden Sacks 0-0: Foul Ball, location: 2F
0-1: Foul Ball, location: 2F
0-2: Fly out, F8 (Flyball, 8RM, EV 75.6 MPH)
Batting: RHB Justyn Wylie 0-0: Ball
1-0: Reached on error, E6 (Groundball, 6, EV 101.2 MPH)
Batting: LHB Kentrellis Donciu 0-0: Ground out 4-3 (Groundball, 4D, EV 83.8 MPH)
Bottom of the 1st over - 0 runs, 0 hits, 1 error, 1 left on base; Flagstaff 1 - Annapolis 0
TOP OF THE 2ND
Flagstaff Flyers batting - Pitching for Annapolis Admirals : RHP Todd Curtis
Batting: RHB Oscar McKinney 0-0: Foul Ball, location: 2F
0-1: Ball
1-1: Called Strike
1-2: Strikes out looking
Batting: RHB Cliff Passarelli 0-0: Ball
1-0: Foul Ball, location: 2F
1-1: Ball
2-1: Foul Ball, location: 2F
2-2: Strikes out swinging
Batting: SHB Maliik Pettiford 0-0: Ball
1-0: Called Strike
1-1: Ball
2-1: Ground out 4-3 (Groundball, 4, EV 87.5 MPH)
Top of the 2nd over - 0 runs, 0 hits, 0 errors, 0 left on base; Flagstaff 1 - Annapolis 0
BOTTOM OF THE 2ND
Annapolis Admirals batting - Pitching for Flagstaff Flyers : RHP Raymond Barker
Batting: RHB Sonny Zidane 0-0: Called Strike
0-1: Ball
1-1: Swinging Strike
1-2: Foul Ball, location: 2F
1-2: Foul Ball, location: 2F
1-2: Ball
2-2: Strikes out swinging
Batting: LHB Charlie Estes 0-0: Ball
1-0: Ground out 4-3 (Groundball, 4M, EV 106.2 MPH)
Batting: RHB Damon Dickinson 0-0: Ball
1-0: Ball
2-0: Foul Ball, location: 2F
2-1: DOUBLE (Flyball, 8LXD, EV 103.8 MPH)
Batting: RHB Antonio Boyle 0-0: SINGLE (Groundball, 6S, EV 97.5 MPH)
Damon Dickinson to third
Runner from 3rd tries for Home, throw by LF and OUT! 7-2
Bottom of the 2nd over - 0 runs, 2 hits, 0 errors, 1 left on base; Flagstaff 1 - Annapolis 0
TOP OF THE 3RD
Flagstaff Flyers batting - Pitching for Annapolis Admirals : RHP Todd Curtis
Batting: RHB James Hill 0-0: Called Strike
0-1: Foul Ball, location: 2F
0-2: SINGLE (Line Drive, 56D, EV 97.5 MPH)
Batting: SHB Josiah Swallow 0-0: Called Strike
0-1: Ball
1-1: Ball
2-1: Called Strike
2-2: Ball
3-2: Base on Balls
James Hill to second
Batting: RHB Timon Angeles 0-0: Called Strike
0-1: Swinging Strike
0-2: Ball
1-2: Fly out, F7 (Flyball, 7D, EV 88.8 MPH)
Runner from 2nd tags up, SAFE at 3rd, no throw by LF
Batting: LHB Vinnie Ballew 0-0: Called Strike
Josiah Swallow steals 2nd base
0-1: Fly out, F8 (Flyball, 89S, EV 73.8 MPH)
Batting: RHB Scott McDonald 0-0: Ball
1-0: Ball
2-0: Called Strike
2-1: Fly out, F8 (Flyball, 8LM, EV 91.2 MPH)
Top of the 3rd over - 0 runs, 1 hit, 0 errors, 2 left on base; Flagstaff 1 - Annapolis 0
BOTTOM OF THE 3RD
Annapolis Admirals batting - Pitching for Flagstaff Flyers : RHP Raymond Barker
Batting: LHB L.G. Clia 0-0: Ball
1-0: DOUBLE (Flyball, 78D, EV 100.0 MPH)
Batting: LHB Nathan Bell 0-0: Called Strike
0-1: Fly out, F9 (Flyball, 9D, EV 96.9 MPH)
Runner from 2nd tags up, SAFE at 3rd with throw by RF
Batting: RHB Braden Sacks 0-0: Fly out, F9 (Line Drive, 89D, EV 93.8 MPH)
Runner from 3rd tags up, SCORES, no throw by RF
Batting: RHB Justyn Wylie 0-0: Ball
1-0: Ground out 5-3 (Groundball, 56S, EV 79.4 MPH)
Bottom of the 3rd over - 1 run, 1 hit, 0 errors, 0 left on base; Flagstaff 1 - Annapolis 1
TOP OF THE 4TH
Flagstaff Flyers batting - Pitching for Annapolis Admirals : RHP Todd Curtis
Batting: LHB Shawn Tuttle 0-0: Ball
1-0: Ball
2-0: Fly out, F7 (Flyball, 7D, EV 85.0 MPH)
Batting: RHB Oscar McKinney 0-0: Fly out, F2 (Popup, 5SF, EV 81.2 MPH)
Batting: RHB Cliff Passarelli 0-0: Foul Ball, location: 2F
0-1: Foul Ball, location: 2F
0-2: Foul Ball, location: 2F
0-2: Ball
1-2: Strikes out looking
Top of the 4th over - 0 runs, 0 hits, 0 errors, 0 left on base; Flagstaff 1 - Annapolis 1
BOTTOM OF THE 4TH
Annapolis Admirals batting - Pitching for Flagstaff Flyers : RHP Raymond Barker
Batting: LHB Kentrellis Donciu 0-0: Ground out 6-3 (Groundball, 6, EV 106.9 MPH)
Batting: RHB Sonny Zidane 0-0: Called Strike
0-1: Foul Ball, location: 2F
0-2: Foul Ball, location: 2F
0-2: Ball
1-2: Fly out, F9 (Flyball, 89S, EV 86.9 MPH)
Batting: LHB Charlie Estes 0-0: Ball
1-0: Foul Ball, location: 2F
1-1: Swinging Strike
1-2: Foul Ball, location: 2F
1-2: Ball
2-2: Ball
3-2: Foul Ball, location: 2F
3-2: Base on Balls
Batting: RHB Damon Dickinson 0-0: Ball
1-0: Called Strike
Charlie Estes is caught stealing 2nd base 2-4
Bottom of the 4th over - 0 runs, 0 hits, 0 errors, 0 left on base; Flagstaff 1 - Annapolis 1
TOP OF THE 5TH
Flagstaff Flyers batting - Pitching for Annapolis Admirals : RHP Todd Curtis
Batting: SHB Maliik Pettiford 0-0: Called Strike
0-1: Ball
1-1: Swinging Strike
1-2: Ball
2-2: Ball
3-2: SOLO HOME RUN (Flyball, 78XD, EV 108.8 MPH), Distance : 414 ft
Batting: RHB James Hill 0-0: Swinging Strike
0-1: Ball
1-1: Ball
2-1: Foul Ball, location: 2F
2-2: Ball
3-2: Strikes out looking
Batting: SHB Josiah Swallow 0-0: Foul Ball, location: 2F
0-1: Ball
1-1: Foul Ball, location: 2F
1-2: Fly out, F9 (Flyball, 9LS, EV 95.0 MPH)
Batting: RHB Timon Angeles 0-0: Called Strike
0-1: Ball
1-1: SOLO HOME RUN (Flyball, 7LD, EV 95.0 MPH), Distance : 351 ft
Batting: LHB Vinnie Ballew 0-0: Called Strike
0-1: Ground out 4-3 (Groundball, 4, EV 80.6 MPH)
Top of the 5th over - 2 runs, 2 hits, 0 errors, 0 left on base; Flagstaff 3 - Annapolis 1
BOTTOM OF THE 5TH
Annapolis Admirals batting - Pitching for Flagstaff Flyers : RHP Raymond Barker
Batting: RHB Damon Dickinson 0-0: Foul Ball, location: 2F
0-1: Ball
1-1: Called Strike
1-2: Fly out, F9 (Line Drive, 9LM, EV 90.0 MPH)
Batting: RHB Antonio Boyle 0-0: Swinging Strike
0-1: Foul Ball, location: 2F
0-2: Ball
1-2: TRIPLE (Flyball, 89XD, EV 103.1 MPH)
Batting: LHB L.G. Clia 0-0: Ball
1-0: Ground out 4-3 (Groundball, 4D, EV 86.9 MPH)
Antonio Boyle scores
Batting: LHB Nathan Bell 0-0: Ball
1-0: DOUBLE (Line Drive, 5D, EV 99.4 MPH)
Batting: RHB Braden Sacks 0-0: Called Strike
0-1: TRIPLE (Line Drive, 89XD, EV 114.4 MPH)
Nathan Bell scores
Batting: RHB Justyn Wylie 0-0: Ball
1-0: Foul Ball, location: 2F
1-1: DOUBLE (Flyball, 78D, EV 97.5 MPH)
Braden Sacks scores
Batting: LHB Kentrellis Donciu 0-0: Ball
1-0: Fly out, F9 (Flyball, 9LMF, EV 92.5 MPH)
Bottom of the 5th over - 3 runs, 4 hits, 0 errors, 1 left on base; Flagstaff 3 - Annapolis 4
TOP OF THE 6TH
Flagstaff Flyers batting - Pitching for Annapolis Admirals : RHP Todd Curtis
Batting: RHB Scott McDonald 0-0: Ball
1-0: Ball
2-0: Called Strike
2-1: Ball
3-1: Base on Balls
Batting: LHB Shawn Tuttle 0-0: Called Strike
0-1: Ball
1-1: Foul Ball, location: 2F
1-2: Ball
2-2: Foul Ball, location: 2F
2-2: Fielders Choice at 2nd, 6-4 (Groundball, 6D, EV 108.8 MPH)
Pitching: RHP Shadell Williams
Batting: RHB Oscar McKinney 0-0: DOUBLE (Line Drive, 78D, EV 111.9 MPH)
Shawn Tuttle to third
Runner from 3rd tries for Home, SAFE, no throw by LF
Batting: RHB Cliff Passarelli 0-0: Ball
1-0: Ball
2-0: Swinging Strike
2-1: Foul Ball, location: 2F
2-2: Foul Ball, location: 2F
2-2: Ball
3-2: Strikes out looking
Batting: SHB Maliik Pettiford 0-0: Ball
1-0: Foul Ball, location: 2F
1-1: Swinging Strike
1-2: Ball
2-2: Foul Ball, location: 2F
2-2: Ball
3-2: Strikes out looking
Top of the 6th over - 1 run, 1 hit, 0 errors, 1 left on base; Flagstaff 4 - Annapolis 4
BOTTOM OF THE 6TH
Annapolis Admirals batting - Pitching for Flagstaff Flyers : RHP Raymond Barker
Batting: RHB Sonny Zidane 0-0: Called Strike
0-1: Swinging Strike
0-2: Strikes out swinging
Batting: LHB Charlie Estes 0-0: Fly out, F8 (Flyball, 8LM, EV 81.2 MPH)
Batting: RHB Damon Dickinson 0-0: SINGLE (Line Drive, 78S, EV 101.2 MPH)
Batting: RHB Antonio Boyle 0-0: Ball
1-0: Called Strike
1-1: Called Strike
Damon Dickinson steals 2nd base
1-2: Ball
2-2: Ball
3-2: Foul Ball, location: 2F
3-2: Strikes out swinging
Bottom of the 6th over - 0 runs, 1 hit, 0 errors, 1 left on base; Flagstaff 4 - Annapolis 4
TOP OF THE 7TH
Flagstaff Flyers batting - Pitching for Annapolis Admirals : RHP Shadell Williams
Batting: RHB James Hill 0-0: Ball
1-0: Ground out 4-3 (Groundball, 4, EV 108.1 MPH)
Batting: SHB Josiah Swallow 0-0: Swinging Strike
0-1: Foul Ball, location: 2F
0-2: Ball
1-2: Foul Ball, location: 2F
1-2: Ball
2-2: Ball
3-2: Base on Balls
Batting: RHB Timon Angeles 0-0: Fly out, F8 (Flyball, 8RXD, EV 93.1 MPH)
Batting: LHB Vinnie Ballew 0-0: Foul Ball, location: 2F
0-1: Fly out, F7 (Flyball, 7LM, EV 87.5 MPH)
Top of the 7th over - 0 runs, 0 hits, 0 errors, 1 left on base; Flagstaff 4 - Annapolis 4
BOTTOM OF THE 7TH
Annapolis Admirals batting - Pitching for Flagstaff Flyers : RHP Raymond Barker
Batting: LHB L.G. Clia 0-0: Ball
1-0: Foul Ball, location: 2F
1-1: Foul Ball, location: 2F
1-2: SINGLE (Line Drive, 6MD, EV 100.0 MPH)
Batting: LHB Nathan Bell 0-0: Fielders Choice at 2nd, 4-6 (Groundball, 4, EV 103.8 MPH)
Batting: RHB Braden Sacks 0-0: Called Strike
Nathan Bell is caught stealing 2nd base 2-4
0-1: Fly out, F9 (Line Drive, 9, EV 88.1 MPH)
Bottom of the 7th over - 0 runs, 1 hit, 0 errors, 0 left on base; Flagstaff 4 - Annapolis 4
TOP OF THE 8TH
Flagstaff Flyers batting - Pitching for Annapolis Admirals : RHP Shadell Williams
Batting: RHB Scott McDonald 0-0: Ball
1-0: Foul Ball, location: 2F
1-1: Foul Ball, location: 2F
1-2: Ball
2-2: Strikes out swinging
Batting: LHB Shawn Tuttle 0-0: Called Strike
0-1: Ball
1-1: Ball
2-1: SINGLE (Line Drive, 89M, EV 96.9 MPH)
Batting: RHB Oscar McKinney 0-0: Called Strike
0-1: Ball
Shawn Tuttle steals 2nd base
1-1: Swinging Strike
1-2: SINGLE (Groundball, 6MD, EV 98.8 MPH)
Shawn Tuttle to third
Runner from 3rd tries for Home, throw by CF and OUT! 8-2
Pitching: RHP Bailey Sharples
Batting: RHB Cliff Passarelli 0-0: Called Strike
Oscar McKinney steals 2nd base
0-1: Ball
1-1: Called Strike
1-2: Strikes out swinging
Top of the 8th over - 0 runs, 2 hits, 0 errors, 1 left on base; Flagstaff 4 - Annapolis 4
BOTTOM OF THE 8TH
Annapolis Admirals batting - Pitching for Flagstaff Flyers : RHP Raymond Barker
Batting: RHB Justyn Wylie 0-0: Ball
1-0: Swinging Strike
1-1: Swinging Strike
1-2: Foul Ball, location: 2F
1-2: Foul Ball, location: 2F
1-2: Foul Ball, location: 2F
1-2: Foul Ball, location: 2F
1-2: Strikes out looking
Pitching: RHP Phoenix Greenhalgh
Batting: LHB Kentrellis Donciu 0-0: Foul Ball, location: 2F
0-1: Foul Ball, location: 2F
0-2: Foul Ball, location: 2F
0-2: Ground out 6-3 (Groundball, 6, EV 101.2 MPH)
Batting: RHB Sonny Zidane 0-0: Ground out 4-3 (Groundball, 4, EV 75.6 MPH)
Bottom of the 8th over - 0 runs, 0 hits, 0 errors, 0 left on base; Flagstaff 4 - Annapolis 4
TOP OF THE 9TH
Flagstaff Flyers batting - Pitching for Annapolis Admirals : RHP Bailey Sharples
Batting: SHB Maliik Pettiford 0-0: Called Strike
0-1: Ball
1-1: Ball
2-1: Foul Ball, location: 2F
2-2: Fly out, F8 (Flyball, 8RD, EV 93.1 MPH)
Pinch Hitting: LHB Jayden Sigmon 0-0: Fly out, F8 (Line Drive, 8RS, EV 105.0 MPH)
Batting: SHB Josiah Swallow 0-0: Called Strike
0-1: Called Strike
0-2: Ball
1-2: Strikes out swinging
Top of the 9th over - 0 runs, 0 hits, 0 errors, 0 left on base; Flagstaff 4 - Annapolis 4
BOTTOM OF THE 9TH
Annapolis Admirals batting - Pitching for Flagstaff Flyers : RHP Phoenix Greenhalgh
Now at C: August Heaton
Batting: LHB Charlie Estes 0-0: Foul Ball, location: 2F
0-1: Foul Ball, location: 2F
0-2: SINGLE (Groundball, 4MD, EV 97.5 MPH)
Batting: RHB Damon Dickinson 0-0: Called Strike
Charlie Estes is caught stealing 2nd base 2-4
0-1: Ball
1-1: Swinging Strike
1-2: Strikes out swinging
Batting: RHB Antonio Boyle 0-0: Ball
1-0: Foul Ball, location: 2F
1-1: Foul Ball, location: 2F
1-2: Foul Ball, location: 2F
1-2: Ball
2-2: Foul Ball, location: 2F
2-2: Ball
3-2: Strikes out swinging
Bottom of the 9th over - 0 runs, 1 hit, 0 errors, 0 left on base; Flagstaff 4 - Annapolis 4
TOP OF THE 10TH
Flagstaff Flyers batting - Pitching for Annapolis Admirals : RHP Bailey Sharples
Pinch Hitting: LHB Billy Jensen 0-0: Foul Ball, location: 2F
0-1: Swinging Strike
0-2: Ball
1-2: Foul Ball, location: 2F
1-2: Foul Ball, location: 2F
1-2: Foul Ball, location: 2F
1-2: SINGLE (Groundball, 6MS, EV 68.1 MPH) (infield hit)
Batting: LHB Vinnie Ballew 0-0: Fly out, F4 (Line Drive, 4, EV 73.8 MPH)
Lined into DP, 4-3 (Line Drive, 4, EV 76.9 MPH)
Batting: RHB Scott McDonald 0-0: Ball
1-0: Ground out 6-3 (Groundball, 6, EV 101.9 MPH)
Top of the 10th over - 0 runs, 1 hit, 0 errors, 0 left on base; Flagstaff 4 - Annapolis 4
BOTTOM OF THE 10TH
Annapolis Admirals batting - Pitching for Flagstaff Flyers : RHP Phoenix Greenhalgh
Pitching: RHP Weston Pilling
Now at 2B: Cooper Shoulders
Batting: LHB L.G. Clia 0-0: Called Strike
0-1: Swinging Strike
0-2: Strikes out swinging
Batting: LHB Nathan Bell 0-0: Ball
1-0: Ball
2-0: Called Strike
2-1: SINGLE (Groundball, 6MD, EV 107.5 MPH)
Batting: RHB Braden Sacks 0-0: Ball
Nathan Bell is caught stealing 2nd base 2-4
1-0: Foul Ball, location: 2F
1-1: Bunted foul
1-2: Ball
2-2: Strikes out swinging
Bottom of the 10th over - 0 runs, 1 hit, 0 errors, 0 left on base; Flagstaff 4 - Annapolis 4
TOP OF THE 11TH
Flagstaff Flyers batting - Pitching for Annapolis Admirals : RHP Bailey Sharples
Batting: LHB Shawn Tuttle 0-0: Ball
1-0: Ball
2-0: Ball
3-0: Base on Balls
Batting: RHB Oscar McKinney 0-0: Ball
Shawn Tuttle steals 2nd base
1-0: Foul Ball, location: 2F
1-1: Ball
2-1: Swinging Strike
2-2: Strikes out looking
Batting: RHB Cliff Passarelli 0-0: Called Strike
0-1: Ball
1-1: Foul Ball, location: 2F
1-2: Ball
2-2: Ground out 6-3 (Groundball, P, EV 89.4 MPH)
Shawn Tuttle to third
Batting: SHB Maliik Pettiford 0-0: Intentional Walk
Batting: RHB August Heaton 0-0: Foul Ball, location: 2F
0-1: Ball
1-1: Fly out, F7 (Line Drive, 7S, EV 94.4 MPH)
Top of the 11th over - 0 runs, 0 hits, 0 errors, 2 left on base; Flagstaff 4 - Annapolis 4
BOTTOM OF THE 11TH
Annapolis Admirals batting - Pitching for Flagstaff Flyers : RHP Weston Pilling
Batting: RHB Justyn Wylie 0-0: Ball
1-0: Ball
2-0: Ball
3-0: Called Strike
3-1: SINGLE (Line Drive, 7LS, EV 100.6 MPH)
Batting: LHB Kentrellis Donciu 0-0: Fly out, F9 (Flyball, 9LSF, EV 93.8 MPH)
Batting: RHB Sonny Zidane 0-0: Foul Ball, location: 2F
0-1: Foul Ball, location: 2F
0-2: Ball
1-2: Ball
2-2: Foul Ball, location: 2F
2-2: Foul Ball, location: 2F
2-2: Foul Ball, location: 2F
2-2: Ground out 5-3 (Groundball, 5S, EV 72.5 MPH)
Justyn Wylie to second
Pitching: LHP Roberto Burris
Pinch Hitting: RHB Brian Williamson 0-0: Ball
1-0: Ball
2-0: Foul Ball, location: 2F
2-1: Foul Ball, location: 2F
2-2: Strikes out swinging
Bottom of the 11th over - 0 runs, 1 hit, 0 errors, 1 left on base; Flagstaff 4 - Annapolis 4
TOP OF THE 12TH
Flagstaff Flyers batting - Pitching for Annapolis Admirals : RHP Bailey Sharples
Now in LF: Tre Hempfling
Batting: SHB Josiah Swallow 0-0: Ball
1-0: Swinging Strike
1-1: SINGLE (Groundball, 34D, EV 111.2 MPH)
Pitching: RHP Curtis Huntsinger
Batting: RHB Cooper Shoulders 0-0: Called Strike
0-1: Fly out, F7 (Line Drive, 7, EV 85.0 MPH)
Batting: LHB Vinnie Ballew 0-0: Ball
1-0: Ball
2-0: Ball
3-0: Base on Balls
Josiah Swallow to second
Batting: RHB Scott McDonald 0-0: Ball
1-0: Called Strike
1-1: Called Strike
1-2: Ball
2-2: Ball
3-2: 3-RUN HOME RUN (Flyball, 7D, EV 98.1 MPH), Distance : 380 ft
Batting: LHB Shawn Tuttle 0-0: Called Strike
0-1: SOLO HOME RUN (Flyball, 9LD, EV 93.1 MPH), Distance : 357 ft
Pitching: RHP Devon Goldsmith
Batting: RHB Oscar McKinney 0-0: Ball
1-0: Ground out 5-3 (Groundball, 56, EV 84.4 MPH)
Batting: RHB Cliff Passarelli 0-0: Ball
1-0: Foul Ball, location: 2F
1-1: Swinging Strike
1-2: Ball
2-2: Foul Ball, location: 2F
2-2: Foul Ball, location: 2F
2-2: Foul Ball, location: 2F
2-2: Ball
3-2: DOUBLE (Line Drive, 7LD, EV 103.1 MPH)
Batting: SHB Maliik Pettiford 0-0: Ball
1-0: Called Strike
1-1: Ball
2-1: Ball
3-1: Foul Ball, location: 2F
3-2: Strikes out looking
Top of the 12th over - 4 runs, 4 hits, 0 errors, 1 left on base; Flagstaff 8 - Annapolis 4
BOTTOM OF THE 12TH
Annapolis Admirals batting - Pitching for Flagstaff Flyers : LHP Roberto Burris
Batting: RHB Damon Dickinson 0-0: Foul Ball, location: 2F
0-1: Called Strike
0-2: Ball
1-2: Strikes out swinging
Batting: RHB Antonio Boyle 0-0: Ball
1-0: Called Strike
1-1: Fly out, F9 (Line Drive, 9D, EV 91.2 MPH)
Batting: LHB L.G. Clia 0-0: Foul Ball, location: 2F
0-1: Ball
1-1: Ground out 4-3 (Groundball, 4, EV 112.5 MPH)
Bottom of the 12th over - 0 runs, 0 hits, 0 errors, 0 left on base; Flagstaff 8 - Annapolis 4
Friday, May 17th , 2024 - OOTP Baseball 23.10 Build 110